 Dungeon Crawl Stone Soup version 0.24.0-123-gd5b16e6ec5 (webtiles) character file.

Game seed: 13266185032491622870, levelgen mode: deterministic

78196 Amplified the Warrior (level 15, -4/261 HPs)
             Began as an Ogre Hunter on Feb 4, 2020.
             Was a High Priest of Trog.
             Slain by an ettin
             ... wielding a +0 dire flail
              (33 damage)
             ... on level 15 of the Dungeon on Feb 5, 2020.
             The game lasted 00:46:39 (30037 turns).

Amplified the Warrior (Ogre Hunter)                Turns: 30037, Time: 00:46:39

Health: -4/261     AC:  8    Str: 28    XL:     15   Next: 59%
Magic:  24/24      EV: 15    Int: 16    God:    Trog [*****.]
Gold:   741        SH:  5    Dex: 11    Spells: 14/14 levels left

rFire    + + .     SeeInvis .   J - +4 demon whip (elec)
rCold    + + +     Gourm    .   (no shield)
rNeg     + . .     Faith    .   w - +2 robe {rF+}
rPois    +         Spirit   .   (helmet restricted)
rElec    .         Reflect  +   s - +2 cloak {rPois}
rCorr    .         Harm     .   (gloves unavailable)
MR       +++..     Clarity  +   (boots unavailable)
Stlth    ..........             C - amulet "Rilet" {Reflect rPois rC+ Int+2 SH+5}
HPRegen  1.53/turn              n - ring "Hioluy" {rF+ rC++ MP+9 Int+2 Stlth+}
MPRegen  0.19/turn              v - ring of positive energy

@: berserking (expiring), regenerating, very quick
A: large, unfitting armour, clarity, sense surroundings 1, tough skin 1
a: Berserk, Trog's Hand, Brothers in Arms, Renounce Religion


You were on level 15 of the Dungeon.
You worshipped Trog.
Trog was extremely pleased with you.
You were full.

You visited 3 branches of the dungeon, and saw 23 of its levels.
You also visited: Bailey and Ice Cave.

You collected 2899 gold pieces.
You spent 2158 gold pieces at shops.

Inventory:

Hand Weapons
 a - a +0 giant spiked club of venom
 J - a +4 demon whip of electrocution (weapon)
 M - the +9 dagger of Gozag's Castigation {pierce, rC+ Str+4 Dex+3 Stlth+}
   (You found it on level 9 of the Dungeon)

   It inflicts extra damage upon your enemies.
   It affects your strength (+4).
   It affects your dexterity (+3).
   It protects you from cold.
   It makes you more stealthy.
 U - a +3 broad axe of freezing
Missiles
 c - 31 large rocks
 i - 81 poisoned darts
 p - 7 throwing nets (quivered)
 F - 20 curare-tipped darts
 O - 15 silver javelins
Armour
 s - a +2 cloak of poison resistance (worn)
 w - a +2 robe of fire resistance (worn)
Jewellery
 b - an uncursed ring of poison resistance
 k - the ring of Ithrerphu {rPois rF+ MP-9 Int+2 Dex+4}
   (You found it on level 12 of the Dungeon)

   [ring of protection from fire]

   It affects your intelligence (+2).
   It affects your dexterity (+4).
   It protects you from fire.
   It protects you from poison.
   It affects your magic capacity (-9).
 l - an uncursed ring of flight
 n - the ring "Hioluy" (left hand) {rF+ rC++ MP+9 Int+2 Stlth+}
   (You bought it in a shop on level 5 of the Dungeon)

   [ring of intelligence]

   It affects your intelligence (+2).
   It protects you from fire.
   It greatly protects you from cold.
   It affects your magic capacity (+9).
   It makes you more stealthy.
 r - an uncursed ring of see invisible
 v - a ring of positive energy (right hand)
 C - the amulet "Rilet" (around neck) {Reflect rPois rC+ Int+2 SH+5}
   (You bought it in a shop on level 5 of the Dungeon)

   [amulet of reflection]

   It shields you and reflects attacks.
   It affects your intelligence (+2).
   It protects you from cold.
   It protects you from poison.
   It affects your SH (+5).
 D - an uncursed ring of protection from cold
 E - an uncursed ring of ice
 I - an uncursed amulet of rage
Wands
 d - a wand of flame (29)
 e - a wand of iceblast (18)
 t - a wand of disintegration (14)
 y - a wand of digging (2)
 z - a wand of enslavement (9)
 L - a wand of acid (11)
 R - a wand of scattershot (6)
Scrolls
 h - 7 scrolls of remove curse
 u - a scroll of magic mapping
 A - a scroll of enchant armour
 H - 3 scrolls of identify
 N - a scroll of summoning
 P - a scroll of fog
 Q - 2 scrolls of fear
 W - a scroll of blinking
Potions
 g - 3 potions of heal wounds
 j - 7 potions of mutation
 m - 7 potions of curing
 o - a potion of might
 q - a potion of berserk rage
 x - 3 potions of flight
 B - 3 potions of lignification
 G - 2 potions of brilliance
 S - a potion of magic
 V - a potion of resistance
Miscellaneous
 K - 3 boxes of beasts
 T - a lightning rod (4/4)
Comestibles
 f - 22 rations


   Skills:
 + Level 17.3 Fighting
 - Level 7.5(11.2) Axes
 * Level 11.9(12.6) Maces & Flails
 - Level 12.4 Throwing
 + Level 4.7 Armour
 - Level 11.7 Dodging
 - Level 0.6 Stealth


You had 14 spell levels left.
You didn't know any spells.
Your spell library contained the following spells:

 Spells                   Type           Power        Failure   Level  Hunger
 Apportation              Tloc           #.....       26%         1    ##.....
 Infusion                 Chrm           #...         26%         1    ##.....
 Summon Butterflies       Summ           #.......     26%         1    ##.....
 Summon Small Mammal      Summ           #...         26%         1    ##.....
 Call Imp                 Summ           #.......     36%         2    ###....
 Poisonous Vapours        Pois/Air       #.....       36%         2    ###....
 Shroud of Golubria       Chrm/Tloc      #.....       36%         2    ###....
 Song of Slaying          Chrm           #.......     36%         2    ###....
 Swiftness                Chrm/Air       #.......     36%         2    ###....
 Call Canine Familiar     Summ           #.......     58%         3    ####...
 Conjure Flame            Conj/Fire      #.......     58%         3    ####...
 Ignite Poison            Fire/Tmut/Pois #.......     58%         3    ####...
 Lesser Beckoning         Tloc           #.........   58%         3    ####...
 Mephitic Cloud           Conj/Pois/Air  #.......     58%         3    ####...
 Regeneration             Chrm/Necr      #.........   58%         3    ####...
 Spectral Weapon          Hex/Chrm       #.......     58%         3    ####...
 Summon Guardian Golem    Hex/Summ       #.......     58%         3    ####...
 Tukima's Dance           Hex            #.......     58%         3    ####...
 Summon Ice Beast         Ice/Summ       #.......     94%         4    #####..
 Summon Lightning Spire   Summ/Air       #.......     94%         4    #####..
 Alistair's Intoxication  Tmut/Pois      #.......     100%        5    ######.
 Iskenderun's Battlesphe  Conj/Chrm      #.......     100%        5    ######.
 Freezing Cloud           Conj/Ice/Air   #.........   100%        6    #######
 Invisibility             Hex            #.......     100%        6    #######
 Ring of Flames           Chrm/Fire      #.........   100%        7    #######


Dungeon Overview and Level Annotations

Branches:
Dungeon (15/15)            Temple (0/1) D:4            Lair (6/6) D:10
  Swamp (0/4) Lair:4       Spider (0/4) Lair:4        Slime (0/5) Lair:5
    Orc (2/2) D:9             Elf (0/3) Orc:2        Vaults (0/5) D:13
 Bailey (visited)           IceCv (visited)
 Depths: D:15

Altars:
Gozag
Hepliaklqana
Makhleb
Nemelex Xobeh
Okawaru
Qazlal
Ru
Sif Muna
Trog
Uskayaw
Vehumet
Wu Jian
Xom
Zin
Beogh

Shops:
D:5 =   D:8 *   D:9 }   Orc:2 ?(}(

Annotations:
D:2 Crazy Yiuf
D:5 Acquire money for victory
D:9 Big think for ogro


Innate Abilities, Weirdness & Mutations

You are too large for most types of armour.
You have tough skin. (AC +1)
You possess an exceptional clarity of mind.
You passively map a small area around you.


Message History

You thrash the two-headed ogre!!
You kill the two-headed ogre!
Trog accepts your kill.
The ettin hits you with a +0 dire flail!!
* * * LOW HITPOINT WARNING * * *
The ettin closely misses you.
You hear a shout!
Things that are here:
a +0 giant club; a +0 giant spiked club; a two-headed ogre corpse You whack the ettin!
The ettin is moderately wounded.
You hear a shout!
You thrash the ettin!!
The ettin is heavily wounded.
You hit the ettin but do no damage. Lightning courses through the ettin!
The ettin is severely wounded.
The ettin hits you with a +0 dire flail!!!
* * * LOW HITPOINT WARNING * * *
The ettin hits you with a +0 dire flail!!
You die...

#†#...##
#......## , ,
#.......# * *
#......## , *
#.#...## * , ,
#.##.## #######
* #.##.# #.#...#
,* #.##.#
#####.)...#
#.##.###..C@?# ,
*,*#.....####.#*
** #####.# , #..
*#.# .## * ..#,
# * * .#.*,* ,**
,* , ..,#, , * ,
.C * , *


You could see an ettin.

Vanquished Creatures
  Agnes (D:14)
  Azrael (D:14)
  A white draconian (IceCv)
  A dire elephant (Lair:6)
  Snorg (Lair:3)
  Josephine (Lair:4)
  A vault guard (D:13)
  3 hydras
  A catoblepas (Lair:6)
  2 centaur warriors
  4 death yaks
  5 two-headed ogres
  A deep troll shaman (Lair:6)
  2 orc high priests
  Sonja (Lair:5)
  A deep elf knight (D:15)
  3 unseen horrors
  A deep elf mage (D:14)
  A wolf spider zombie (D:14)
  8 ugly things
  2 manticores
  5 orc sorcerers (Orc:2)
  2 cyclopes (D:11)
  2 black mambas
  Psyche (D:12)
  6 elephants
  2 ice statues (IceCv)
  9 spiny frogs
  A gargoyle (D:14)
  Maurice (D:8)
  A torpor snail (Lair:3)
  2 rime drakes
  11 komodo dragons
  A queen bee (D:11)
  A tengu conjurer (D:14)
  15 polar bears
  5 trolls
  A polar bear (shapeshifter) (D:15)
  2 bog bodies (Lair:4)
  11 blink frogs
  4 hippogriffs
  4 slime creatures (D:12)
  A meliai zombie (D:15)
  5 centaur simulacra (D:14)
  A shadow (D:12)
  27 yaks
  3 wyverns
  5 basilisks
  4 fire elementals (D:14)
  A water elemental (D:14)
  5 wraiths
  3 hungry ghosts
  10 humans (D:13)
  3 vampire mosquitoes (D:14)
  A harpy simulacrum (D:15)
  2 swamp worms (Lair:4)
  7 wargs
  6 water moccasins
  2 hell hounds (D:14)
  A soldier ant (D:13)
  3 porcupines
  18 orc warriors
  4 sky beasts
  3 black bears
  3 ice beasts
  6 phantoms
  34 wolves
  12 ogres
  16 centaurs
  10 crocodiles
  A big kobold (D:9)
  17 bullfrogs
  8 gnoll sergeants (Bailey)
  4 jellies
  A wyvern skeleton (D:13)
  33 killer bees
  9 scorpions
  A hornet simulacrum (D:14)
  10 wights
  6 electric eels
  8 howler monkeys
  A lava snake (Lair:5)
  A bullfrog zombie (D:10)
  6 centaur zombies
  9 crimson imps
  10 hounds
  7 gnoll shamans
  20 orc priests
  5 centaur skeletons
  3 bullfrog skeletons
  An iguana (D:3)
  40 orc wizards
  Ijyb (D:4)
  11 worker ants
  A killer bee zombie (D:5)
  4 worker ant zombies
  24 gnolls
  11 adders
  A howler monkey skeleton (D:6)
  4 shadow imps
  2 white imps (D:14)
  An ufetubus (D:13)
  An ooze (D:1)
  2 adder skeletons
  A worm (D:4)
  5 dart slugs
  7 leopard geckos
  113 orcs
  10 giant cockroaches
  9 goblins
  7 hobgoblins
  7 jackals
  7 quokkas
  3 ball pythons
  10 bats
  6 frilled lizards
  3 kobolds
  A quokka skeleton (D:4)
  4 rats
782 creatures vanquished.

Vanquished Creatures (collateral kills)
  An ugly thing (D:10)
  A slime creature (D:12)
  3 yaks (D:12)
  An orc priest (D:12)
  2 orc wizards (Orc:2)
8 creatures vanquished.

Vanquished Creatures (others)
  A human (D:13)
  2 orc wizards (Orc:2)
  A gnoll (D:11)
  2 leopard geckos (D:11)
  3 orcs
  11 fungi
  8 plants
28 creatures vanquished.

Grand Total: 818 creatures vanquished

Notes
Turn   | Place    | Note
-------+----------+-------------------------------------------
     0 | D:1      | Amplified the Ogre Hunter began the quest for the Orb.
     0 | D:1      | Reached XP level 1. HP: 22/22 MP: 1/1
   197 | D:1      | Reached skill level 3 in Fighting
   573 | D:1      | Reached XP level 2. HP: 31/31 MP: 2/2
  1041 | D:1      | Reached XP level 3. HP: 39/39 MP: 3/3
  1362 | D:2      | Found a bloodstained altar of Trog.
  1429 | D:2      | Became a worshipper of Trog the Wrathful
  1452 | D:2      | Reached skill level 4 in Fighting
  1731 | D:2      | Found a shimmering blue altar of Sif Muna.
  1804 | D:2      | Reached skill level 1 in Maces & Flails
  1804 | D:2      | Reached XP level 4. HP: 48/48 MP: 4/4
  1913 | D:2      | Found a runed translucent door.
  1914 | D:2      | Noticed Crazy Yiuf
  2695 | D:3      | Noticed a phantom
  2788 | D:3      | Reached * piety under Trog
  3023 | D:3      | Reached XP level 5. HP: 55/55 MP: 5/5
  3129 | D:4      | Reached skill level 1 in Axes
  3282 | D:4      | Found a shimmering altar of Xom.
  3312 | D:4      | Found a staircase to the Ecumenical Temple.
  3509 | D:4      | Found an ornate altar of the Wu Jian Council.
  3509 | D:4      | Noticed an ogre
  3516 | D:4      | Reached skill level 5 in Fighting
  3516 | D:4      | Reached skill level 5 in Throwing
  3520 | D:4      | Killed an ogre
  3520 | D:4      | Reached XP level 6. HP: 64/66 MP: 6/6
  3761 | D:4      | Noticed Ijyb
  3769 | D:4      | Gained mutation: You passively map a small area around you.
                  | [potion of mutation]
  3769 | D:4      | Gained mutation: You possess an exceptional clarity of
                  | mind. [potion of mutation]
  3772 | D:4      | Killed Ijyb
  3773 | D:4      | Reached XP level 7. HP: 39/74 MP: 7/7
  3886 | D:4      | Reached skill level 6 in Fighting
  4025 | D:4      | Reached ** piety under Trog
  4757 | D:3      | Found a sparkling altar of Nemelex Xobeh.
  4809 | D:3      | Reached XP level 8. HP: 74/84 MP: 8/8
  5226 | D:5      | Entered Level 5 of the Dungeon
  5230 | D:5      | Found a sacrificial altar of Ru.
  5365 | D:5      | Found an iron altar of Okawaru.
  5374 | D:5      | Reached skill level 7 in Fighting
  5842 | D:5      | Found Qohomomm's Jewellery Boutique.
  6235 | D:6      | Reached *** piety under Trog
  6344 | D:6      | Reached skill level 8 in Fighting
  6344 | D:6      | Reached skill level 5 in Dodging
  6399 | D:6      | Found a hide-covered altar of Uskayaw.
  6435 | D:6      | Reached skill level 5 in Axes
  6435 | D:6      | Reached XP level 9. HP: 93/96 MP: 9/9
  6556 | D:6      | Found a hazy altar of Hepliaklqana.
  6587 | D:6      | Found an opulent altar of Gozag.
  7276 | D:7      | Received a gift from Trog
  7833 | D:8      | Noticed Maurice
  7839 | D:8      | Killed Maurice
  7839 | D:8      | Reached skill level 9 in Fighting
  7896 | D:8      | Found a burning altar of Makhleb.
  8069 | D:8      | Found a radiant altar of Vehumet.
  8137 | D:8      | Reached XP level 10. HP: 109/109 MP: 10/10
  8191 | D:8      | Found Uduoje Papo's Mayhem Merchandise.
  8206 | D:8      | Noticed a two-headed ogre
  8215 | D:8      | Killed a two-headed ogre
  8215 | D:8      | Reached skill level 10 in Fighting
  8754 | D:9      | Reached **** piety under Trog
  8853 | D:9      | Found a glowing silver altar of Zin.
  8857 | D:9      | Found a flagged portal.
  8892 | D:9      | Noticed a two-headed ogre
  8901 | D:9      | Killed a two-headed ogre
  8913 | Bailey   | Entered a bailey
  9433 | Bailey   | Received a gift from Trog
 10161 | D:9      | Reached skill level 11 in Fighting
 10480 | D:9      | Reached XP level 11. HP: 99/120 MP: 11/11
 10707 | D:9      | Found Nayr's Gadget Emporium.
 10749 | D:9      | Found a staircase to the Orcish Mines.
 10999 | D:10     | Entered Level 10 of the Dungeon
 11025 | D:10     | Noticed a green ugly thing
 11045 | D:10     | Killed a green ugly thing
 11108 | D:10     | Found a staircase to the Lair.
 11215 | D:10     | Received a gift from Trog
 11643 | D:11     | Reached skill level 12 in Fighting
 11839 | D:11     | Noticed a cyclops
 11901 | Orc:1    | Entered Level 1 of the Orcish Mines
 11922 | Orc:1    | Reached skill level 10 in Throwing
 12089 | Orc:1    | Noticed an orc high priest
 12100 | Orc:1    | Killed an orc high priest
 12104 | Orc:1    | Received a gift from Trog
 12285 | Orc:2    | Entered Level 2 of the Orcish Mines
 12437 | D:5      | Bought the amulet "Rilet" {Reflect rPois rC+ Int+2 SH+5}
                  | for 954 gold pieces
 13647 | Orc:2    | Noticed an orc sorcerer
 13658 | Orc:2    | Killed an orc sorcerer
 13681 | Orc:2    | Received a gift from Trog
 13741 | Orc:2    | Found a staircase to the Elven Halls.
 13794 | Orc:2    | Noticed an orc sorcerer
 13801 | Orc:2    | Killed an orc sorcerer
 13801 | Orc:2    | Reached XP level 12. HP: 133/133 MP: 12/12
 13860 | Orc:2    | Reached skill level 5 in Maces & Flails
 13949 | Orc:2    | Reached ***** piety under Trog
 13951 | Orc:2    | Found Jecazxuw's Antique Weapon Boutique.
 13951 | Orc:2    | Found Musum's Gadget Shoppe.
 14371 | Orc:2    | Found Fameap's Magic Scroll Shoppe.
 14371 | Orc:2    | Found Ysmedu's Antique Weapon Boutique.
 14379 | Orc:2    | Received a gift from Trog
 14545 | Orc:2    | Found a roughly hewn altar of Beogh.
 14641 | Orc:2    | Noticed an orc high priest
 14855 | D:5      | Bought the ring "Hioluy" {rF+ rC++ MP+9 Int+2 Stlth+} for
                  | 910 gold pieces
 15179 | Orc:2    | Killed an orc high priest
 15179 | Orc:2    | Received a gift from Trog
 15179 | Orc:2    | Reached skill level 13 in Fighting
 15254 | Orc:2    | Found a roughly hewn altar of Beogh.
 15672 | D:12     | You fall into a shaft and drop 1 floor!
 15974 | D:13     | Noticed a vault guard
 16000 | D:13     | Killed a vault guard
 16013 | D:13     | Received a gift from Trog
 16575 | D:12     | Noticed Psyche
 16584 | D:12     | Killed Psyche
 16598 | D:12     | Reached skill level 10 in Dodging
 16720 | D:12     | Got a warped copper ring
 16721 | D:12     | Identified the ring of Ithrerphu {rPois rF+ MP-9 Int+2
                  | Dex+4} (You found it on level 12 of the Dungeon)
 16727 | D:12     | Reached XP level 13. HP: 145/145 MP: 13/13
 16773 | D:12     | Reached skill level 14 in Fighting
 17403 | D:12     | Found a shimmering altar of Xom.
 17777 | D:11     | Identified Irujywniu's Handbook of Poison and Aid
 18192 | D:11     | Received a gift from Trog
 18529 | Orc:2    | Bought a slimy arbalest for 294 gold pieces
 18529 | Orc:2    | Identified the +8 arbalest of Floods {venom, rPois} (You
                  | bought it in a shop on level 2 of the Orcish Mines)
 18583 | D:9      | Got a steaming dagger
 18584 | D:9      | Identified the +9 dagger of Gozag's Castigation {pierce,
                  | rC+ Str+4 Dex+3 Stlth+} (You found it on level 9 of the
                  | Dungeon)
 18631 | Lair:1   | Entered Level 1 of the Lair of Beasts
 19797 | Lair:1   | Found a stormy altar of Qazlal.
 21000 | Lair:3   | Noticed Snorg
 21001 | Lair:3   | Identified a scroll of acquirement
 21054 | Lair:3   | Killed Snorg
 21378 | Lair:3   | Reached skill level 15 in Fighting
 21810 | Lair:3   | Received a gift from Trog
 22123 | Lair:4   | Found a hole to the Spider Nest.
 22222 | Lair:4   | Reached XP level 14. HP: 147/159 MP: 14/14
 22387 | Lair:4   | Noticed Josephine
 22394 | Lair:4   | Killed Josephine
 22409 | Lair:4   | Received a gift from Trog
 22470 | Lair:4   | Found a staircase to the Swamp.
 23015 | Lair:5   | Noticed Sonja
 23020 | Lair:5   | Killed Sonja
 23047 | Lair:5   | Found a staircase to the Slime Pits.
 23210 | Lair:5   | Received a gift from Trog
 23999 | Lair:6   | Entered Level 6 of the Lair of Beasts
 24160 | Lair:6   | Reached skill level 16 in Fighting
 24546 | Lair:6   | Reached skill level 1 in Armour
 24834 | Lair:6   | Received a gift from Trog
 25248 | Lair:6   | Reached skill level 10 in Maces & Flails
 25308 | Lair:6   | Noticed a dire elephant
 25316 | Lair:6   | Killed a dire elephant
 25758 | D:11     | Received a gift from Trog
 26739 | D:13     | Found a gate to the Vaults.
 26893 | D:14     | Found a frozen archway.
 26915 | D:14     | Noticed Azrael
 26948 | D:14     | Reached XP level 15. HP: 171/171 MP: 15/15
 26957 | D:14     | Killed Azrael
 26978 | IceCv    | Entered an ice cave
 28531 | D:14     | Reached skill level 17 in Fighting
 28786 | D:14     | Received a gift from Trog
 28895 | D:14     | Noticed Agnes
 29157 | D:14     | Killed Agnes
 29429 | D:15     | Entered Level 15 of the Dungeon
 30037 | D:15     | Slain by an ettin

Levels and vault maps discovered:
D:1:      minmay_arrival_shattered_statue, layout_basic
D:2:      layout_basic, nicolae_overflow_crystal_walls, led_sif_pool,
          first_ration, kennysheep_big_empty_room, serial_bayou_pond_d,
          serial_park_tiny_1, uniq_crazy_yiuf_cottage
D:3:      layout_loops_corners, nemelex_xobeh_ov_fountains_minmay, minivault_23
D:4:      layout_gridville, lemuel_coloured_pillars_altar,
          kennysheep_little_box, minmay_temple_entry_arrows, dk_noncrumbling_4,
          uniq_ijyb
D:5:      minmay_diamond_boxcup, layout_basic, okawaru_trees_1,
          nicolae_ru_awakened_eye, minmay_shop_enchanted_jewellery
D:6:      layout_gridville, marbit_many_paths, lemuel_round_altar,
          eat_drink_and_be_merry_uskayaw
D:7:      layout_basic
D:8:      layout_loops_ring, vehumet_altar_wand_db, old_standard_altar,
          minmay_shop_mayhem, uniq_maurice
D:9:      layout_roguey, overflow_temple_1_default, orc_0_dummy, serial_shops,
          nicolae_shop_window_shopping, enter_bailey_2, blue_anna_alchemist
          [blue_anna_fruit_fields, blue_anna_fruit_fields]
D:10:     layout_rooms, david_lair_generic
D:11:     layout_roguey, special_room [special_room_bee], minmay_diced_spiral
D:12:     lemuel_upstairs_altar, layout_long_grid, uniq_psyche
D:13:     layout_loops_ring, ximxim_vaults_locker_room
D:14:     layout_long_grid, portal_ice_cave_entry_pillars_1, serial_ice,
          serial_ice_b, serial_ice_d, serial_ice_f, serial_ice_j, serial_ice_n,
          fountainhead, uniq_azrael, uniq_agnes
D:15:     hangedman_depths_entry_civil_slaughter, layout_loops_ring,
          hangedman_decor_peaks_small
Lair:1:   layout_cave_pods, basic_altar, beast_lair_carwin_10
Lair:2:   layout_regular_city, serial_forest, infiniplex_forest_straight_2,
          infiniplex_forest_straight_5, infiniplex_forest_split,
          infiniplex_forest_end_1, infiniplex_forest_end_1,
          infiniplex_forest_clump_medium, lemuel_fruit_fields,
          infiniplex_staircase_pool_2
Lair:3:   layout_misc_corridors, chequers_serial_rivers_marsh,
          infiniplex_staircase_pool, uniq_snorg
Lair:4:   layout_cave_shapes, nicolae_swamp_entry_splash_gauntlet,
          spider_nest_entry_web_field, beast_lair_carwin_6,
          serial_bayou_shore_b, grunt_megastairs_1, uniq_josephine
Lair:5:   layout_gridlike, slime_dummy, pond, grunt_megastairs_3, uniq_sonja
Lair:6:   grunt_lair_end_beastmaster, layout_layer_cave, lemuel_fruit_fields
Orc:1:    cheibrodos_orc_guarddog, layout_caves
Orc:2:    st_orc_town, layout_caves, bh_open_orc_temple

Skill      XL: |  1  2  3  4  5  6  7  8  9 10 11 12 13 14 15 |
---------------+----------------------------------------------+-----
Fighting       | 3 4 5 6 8 9 11 12 13 15 16 17 | 17.3
Dodging        | 2 3 4 5 6 7 8 10 11 | 11.7
Maces & Flails | 1 2 4 6 8 10 11 | 11.9
Axes           | 1 2 3 5 6 7 |  7.5
Throwing       | 5 6 7 8 9 10 11 12 | 12.4
Armour         | 3 4 |  4.7
Stealth        | |  0.6

Action                   |  1- 3 |  4- 6 |  7- 9 | 10-12 | 13-15 || total
-------------------------+-------+-------+-------+-------+-------++-------
Melee: Short sword       |    64 |       |       |       |       ||    64
       Whip              |    65 |    31 |       |       |       ||    96
       Hand axe          |       |    85 |   436 |   131 |       ||   652
       Demon whip        |       |       |       |   692 |  1192 ||  1884
Throw: Stone             |    38 |       |     1 |       |       ||    39
       Dart              |       |     7 |     3 |       |       ||    10
       Throwing net      |       |     4 |       |       |    10 ||    14
       Large rock        |       |     3 |     2 |     5 |       ||    10
Invok: Berserk           |       |     4 |    11 |    28 |    29 ||    72
       Trog's Hand       |       |       |     1 |    17 |     8 ||    26
       Brothers in Arms  |       |       |       |     1 |     2 ||     3
Evoke: Wand              |       |       |       |    14 |    36 ||    50
  Use: Scroll            |     3 |     4 |     2 |    16 |    19 ||    44
       Potion            |     1 |     3 |     4 |     9 |     5 ||    22
 Stab: Sleeping          |     1 |     2 |       |       |     9 ||    12
       Held in net/web   |       |       |       |       |     1 ||     1
  Eat: Chunk             |     3 |     3 |    17 |    29 |    33 ||    85
       Ration            |       |     2 |     2 |    11 |    13 ||    28
Armor: Robe              |    67 |    31 |    80 |   114 |   184 ||   476
Dodge: Dodged            |   105 |    83 |   266 |   501 |   627 ||  1582
Block: Other             |       |    13 |    56 |   109 |   215 ||   393
       Reflection        |       |       |       |     5 |    10 ||    15
